 Dungeon Crawl Stone Soup version 0.26-a0-244-g083ca260ac (webtiles) character file.

Game seed: 13057210274846086031

686 DDDD the Cutter (level 7, -10/60 HPs)
             Began as a Minotaur Berserker on July 8, 2020.
             Was a Priest of Trog.
             Mangled by a kobold
             ... wielding a +5 short sword of electrocution
              (12 damage)
             ... in a sewer.
             The game lasted 00:10:31 (2954 turns).

DDDD the Cutter (Minotaur Berserker)                Turns: 2954, Time: 00:10:33

Health: -10/60     AC:  8    Str: 23    XL:     7   Next: 35%
Magic:  6/6        EV: 13    Int:  4    God:    Trog [***...]
Gold:   172        SH:  0    Dex: 10    Spells: 6/6 levels left

rFire    . . .     SeeInvis .   x - +0 hand axe (vorpal)
rCold    . . .     Faith    .   (no shield)
rNeg     . . .     Spirit   .   h - +0 ring mail
rPois    .         Reflect  .   (helmet restricted)
rElec    .         Harm     .   (no cloak)
rCorr    .                      r - +0 pair of gloves
MR       ++...                  m - +0 pair of boots
Stlth    +.........             p - amulet of regeneration
HPRegen  1.60/turn              (no ring)
MPRegen  0.10/turn              (no ring)

@: berserk cooldown, regenerating, slowed, very slow
A: retaliatory headbutt, horns 2
a: Berserk, Trog's Hand, Renounce Religion


You were in a sewer.
You worshipped Trog.
Trog was most pleased with you.
You were full.

You visited 1 branch of the dungeon, and saw 5 of its levels.
You also visited: Sewer.

You collected 172 gold pieces.

Inventory:

Hand Weapons
 a - a +0 short sword
 x - a +0 vorpal hand axe (weapon)
Armour
 h - a +0 ring mail (worn)
 j - a +0 tower shield
 m - a +0 pair of boots (worn)
 r - a +0 pair of gloves (worn)
Jewellery
 k - an uncursed amulet of guardian spirit
 p - an amulet of regeneration (around neck)
Wands
 w - a wand of acid (12)
Scrolls
 b - 3 scrolls of identify {unknown}
 d - 3 scrolls of teleportation {unknown}
 f - 4 scrolls of enchant armour {unknown}
 l - a scroll of immolation {unknown}
 o - 5 scrolls of remove curse {unknown}
 s - a scroll of noise {unknown}
Potions
 e - 2 potions of haste
 g - a potion of berserk rage {unknown}
 i - a potion of magic {unknown}
 n - 3 potions of invisibility {unknown}
 q - a potion of mutation {unknown}
 t - a potion of flight {unknown}
 u - a potion of cancellation {unknown}
 v - a potion of might {unknown}
Comestibles
 c - 3 rations


   Skills:
 + Level 4.9 Fighting
 + Level 5.8 Short Blades
 + Level 0.2 Axes
 + Level 5.4 Armour
 + Level 4.8 Dodging
 + Level 0.6 Stealth
 + Level 1.9 Shields


You had 6 spell levels left.
You didn't know any spells.
Your spell library was empty.

Dungeon Overview and Level Annotations

Branches:
Dungeon (5/15)              Sewer (1/1)
 Temple: D:4-7

Altars:
Nemelex Xobeh


Innate Abilities, Weirdness & Mutations

You reflexively headbutt those who attack you in melee.
You have a pair of horns on your head.


Message History

The kobold hits you with a +5 short sword of electrocution.
You are electrocuted!
* * * LOW HITPOINT WARNING * * *
The kobold hits you with a +0 club.
* * * LOW HITPOINT WARNING * * *
The kobold hits you but does no damage. x2
You're still recovering from your berserk rage.
Your skin crawls.
You feel resistant to hostile enchantments.
The kobold hits you with a +5 short sword of electrocution.
* * * LOW HITPOINT WARNING * * *
You are electrocuted!
* * * LOW HITPOINT WARNING * * *
The kobold closely misses you. You furiously retaliate!
You headbutt the kobold.
You kill the kobold!
Trog accepts your kill.
You hear a splash.
The kobold hits you but does no damage.
You are electrocuted!
You die...

###############.≈≈≈≈≈.#
≈≈≈≈≈≈≈≈≈≈≈≈≈≈≈≈≈≈≈≈.≈#
###############..≈≈≈.≈#
#.≈≈≈≈..# #(≈≈≈≈≈.#
#(≈≈≈≈≈.# #†≈≈≈≈≈≈#
#≈≈≈≈≈≈.# #)@)≈≈..#
#.K)≈...# ####.#### ...
.... ..## ..# .#


You could see a kobold.

Vanquished Creatures
  An ogre (D:4)
  A centaur (D:5)
  A big kobold (Sewer)
  3 scorpions
  An orc wizard (D:4)
  2 worker ants
  3 gnolls (D:5)
  2 river rats
  8 adders
  A white imp (D:4)
  An ooze (D:3)
  A worm (D:5)
  3 dart slugs
  8 leopard geckos
  5 orcs
  7 giant cockroaches
  9 goblins
  7 hobgoblins
  2 jackals (Sewer)
  2 quokkas
  A ball python (D:3)
  6 bats
  6 frilled lizards
  A jackal skeleton (D:4)
  11 kobolds
  A leopard gecko skeleton (D:4)
  12 rats
106 creatures vanquished.

Vanquished Creatures (others)
  A frilled lizard (D:5)
1 creature vanquished.

Grand Total: 107 creatures vanquished

Notes
Turn   | Place    | Note
-------+----------+-------------------------------------------
     0 | D:1      | DDDD the Minotaur Berserker began the quest for the Orb.
     0 | D:1      | Reached XP level 1. HP: 19/19 MP: 0/0
   261 | D:1      | Reached XP level 2. HP: 18/27 MP: 1/1
   797 | D:2      | Reached skill level 1 in Shields
   797 | D:2      | Reached XP level 3. HP: 33/33 MP: 2/2
  1283 | D:2      | Reached ** piety under Trog
  1746 | D:3      | Reached XP level 4. HP: 40/40 MP: 3/3
  1907 | D:3      | Found a sparkling altar of Nemelex Xobeh.
  2111 | D:4      | Reached XP level 5. HP: 42/47 MP: 4/4
  2267 | D:4      | Noticed an ogre
  2275 | D:4      | Killed an ogre
  2275 | D:4      | Reached XP level 6. HP: 20/53 MP: 5/5
  2519 | D:4      | Noticed an orc warrior
  2537 | D:5      | Entered Level 5 of the Dungeon
  2602 | D:5      | Reached skill level 5 in Short Blades
  2714 | D:5      | Reached *** piety under Trog
  2714 | D:5      | Reached skill level 5 in Armour
  2714 | D:5      | Reached XP level 7. HP: 60/60 MP: 6/6
  2865 | D:5      | Found a glowing drain.
  2874 | Sewer    | Entered a sewer
  2954 | Sewer    | HP: 2/60 [kobold/+5 short sword of electrocution (10)]
  2954 | Sewer    | Mangled by a kobold

Illustrated notes

Levels and vault maps discovered:
D:1:      nicolae_arrival_washed_ashore, layout_basic
D:2:      layout_basic, lemuel_flame_loot_1
D:3:      layout_loops_cross, first_ration, nemelex_diamond_rough_becter
D:4:      wad_pebble_path, layout_loops_ring, roderic_three_in_a_row,
          kennysheep_small_square
D:5:      layout_basic, nicolae_ossuary_entry_giza, gup_sewer_entry_bubbles
Sewer:    sewer_kobolds

Skill      XL: |  1  2  3  4  5  6 |
---------------+-------------------+-----
Fighting       | 4 |  4.9
Shields        | 1 |  1.9
Armour         | 3 4 5 |  5.4
Short Blades   | 4 5 |  5.8
Dodging        | 3 4 |  4.8
Axes           | |  0.2
Stealth        | |  0.6

Action                   |  1- 3 |  4- 6 |  7- 9 || total
-------------------------+-------+-------+-------++-------
Melee: Short sword       |    95 |   123 |    11 ||   229
       Headbutt          |    12 |    17 |     4 ||    33
       Hand axe          |       |       |    37 ||    37
Invok: Berserk           |     2 |     2 |     2 ||     6
       Trog's Hand       |       |       |     1 ||     1
  Use: Potion            |       |     1 |       ||     1
  Eat: Ration            |     1 |     2 |       ||     3
Armor: Ring mail         |    43 |    60 |    28 ||   131
       Animal skin       |     2 |       |       ||     2
Dodge: Dodged            |    49 |    89 |    29 ||   167
Block: Tower shield      |    38 |       |       ||    38

Table legend:
 A = Non-vault XP
 B = Vault XP
 C = Vault XP percentage of total XP
 D = Non-vault monster count
 E = Vault monster count
 F = Vault count percentage of total count
                 A         B        C        D         E       F
            +---------+---------+-------+---------+---------+-------
      Total |     819 |     162 |  16.5 |      86 |      20 |  18.9
            +---------+---------+-------+---------+---------+-------
        D:1 |      32 |       0 |   0.0 |      19 |       0 |   0.0
        D:2 |      38 |       0 |   0.0 |      15 |       0 |   0.0
        D:3 |      86 |       0 |   0.0 |      27 |       0 |   0.0
        D:4 |     303 |       0 |   0.0 |      14 |       0 |   0.0
        D:5 |     360 |      43 |  10.7 |      11 |       8 |  42.1
      Sewer |       0 |     119 | 100.0 |       0 |      12 | 100.0
            +---------+---------+-------+---------+---------+-------
